[Event "95th Caplin Hastings Congress"]
[Site "Hastings"]
[Date "2019.12.31"]
[Round "4.58"]
[White "Varney, Zoe"]
[Black "Liu, Tianyi"]
[Result "1/2-1/2"]
[ECO "B22"]
[WhiteElo "2004"]
[BlackElo "1307"]
[Annotator "NA RC"]
[PlyCount "115"]
[EventDate "2019.12.28"]
[EventType "swiss"]
[EventCountry "ENG"]
[SourceTitle "playchess.com"]
[Source "ChessBase"]
[SourceQuality "1"]
[TimeControl "40/6600+30:3000+30"]

1. e4 c5 2. c3 d5 3. exd5 Qxd5 4. d4 Nf6 5. Nf3 Nc6 6. Be2 e6 7. Be3 cxd4 8. cxd4 Be7 9. Nc3 Qa5 10. O-O O-O 11. a3 Nd5 12. Nxd5 Qxd5 13. Rc1 {[%emt 0:08:58] B22: Sicilian: 2 c3} Rd8 14. Bc4 Qd6 (14... Qa5 15. Qb3 Qh5 16. Rfd1 Bd7 17. Qxb7 Na5 18. Qe4 Ba4 19. Re1 Nxc4 20. Rxc4 Bb3 {½-½ (101) Heberla,B (2557)-Markowski,T (2553) Opole 2007}) 15. Qd2 Bf6 16. Rfd1 Ne7 17. Ng5 Nf5 $146 ({Predecessor:} 17... Nd5 18. Ne4 Qe7 19. Nxf6+ Nxf6 20. Bg5 Bd7 {0-1 (51) Martin Ojeda,J (2220)-Camacho Calle,P (2250) Murcia 1997}) 18. Ne4 Qe7 19. Nxf6+ gxf6 20. d5 b6 21. Bh6 Bb7 22. Qf4 Nxh6 23. Qxh6 Bxd5 24. Rd4 f5 25. Rd3 Kh8 26. Bxd5 Rxd5 27. Rxd5 exd5 28. h3 Rd8 29. Qf4 Qe6 30. Rc7 Ra8 31. Qd4+ Kg8 32. Rc3 f6 33. Re3 Qd6 34. Qd3 f4 35. Rf3 Re8 36. Qf5 Re4 37. g3 Qe5 38. Qg4+ Kf7 39. gxf4 Qe6 40. Qh5+ Kg7 41. Rg3+ Kh8 42. Qh6 Qf7 43. Kf1 Rc4 44. f5 Rc2 45. b4 Rc6 46. h4 d4 $11 47. Qf4 Qd7 48. Qg4 Rc8 49. Rd3 Rd8 50. h5 Qd5 51. Qh4 Qxf5 52. Rxd4 Rxd4 53. Qxd4 Qh3+ 54. Kg1 Qxh5 55. Qxf6+ Kg8 56. Qd8+ Kg7 57. Qd4+ Kg8 58. Qd8+ 1/2-1/2

[Event "95th Caplin Hastings Congress"]
[Site "Hastings"]
[Date "2020.01.01"]
[Round "5.3"]
[White "Van den Doel, Erik"]
[Black "Willow, Jonah B"]
[Result "1-0"]
[ECO "C84"]
[WhiteElo "2589"]
[BlackElo "2355"]
[Annotator "RC"]
[PlyCount "99"]
[EventDate "2019.12.28"]
[EventType "swiss"]
[EventCountry "ENG"]
[SourceTitle "playchess.com"]
[Source "ChessBase"]
[SourceQuality "1"]
[TimeControl "40/6600+30:3000+30"]

1. e4 e5 2. Nf3 Nc6 3. Bb5 a6 4. Ba4 d6 5. O-O Bg4 6. c3 Nf6 7. d3 Be7 8. Nbd2 Nd7 9. h3 Bh5 10. b4 O-O 11. a3 Re8 12. Re1 Bg5 13. g4 Bg6 14. Nxg5 Qxg5 15. Nf3 Qe7 16. Be3 Nd8 17. h4 h5 18. Ng5 hxg4 19. Qxg4 Nf6 20. Qh3 c6 21. Kh2 Ne6 22. Nxe6 Qxe6 23. Qxe6 Rxe6 24. f3 d5 25. Bb3 Rd6 26. Rad1 Rad8 27. Bc5 R6d7 28. Bb6 Re8 29. Kg1 Bh5 30. Kf2 Rd6 31. Rg1 Nd7 32. Be3 d4 33. Bd2 Nf8 34. Rg5 g6 35. cxd4 Nh7 36. Rxh5 gxh5 37. Rg1+ Kf8 38. dxe5 Rxd3 39. Bh6+ Ke7 40. Bc4 Rc3 41. Bxf7 Kxf7 42. Rg7+ Ke6 43. Rxh7 Rxa3 44. Bg7 Rd8 45. Rh6+ Kf7 46. Bf6 Ra2+ 47. Kg3 Rd3 48. Bg5 Re2 49. e6+ Kg7 50. Kf4 1-0

[Event "95th Caplin Hastings Congress"]
[Site "Hastings"]
[Date "2020.01.01"]
[Round "5.19"]
[White "Makkar, Rajat"]
[Black "Terentiev, Sergei"]
[Result "1-0"]
[ECO "A40"]
[WhiteElo "2137"]
[BlackElo "2292"]
[Annotator "RC"]
[PlyCount "69"]
[EventDate "2019.12.28"]
[EventType "swiss"]
[EventCountry "ENG"]
[SourceTitle "playchess.com"]
[Source "ChessBase"]
[SourceQuality "1"]
[TimeControl "40/6600+30:3000+30"]

1. d4 b5 2. e4 Bb7 3. Bd3 c5 4. c3 cxd4 5. cxd4 Nf6 6. Nd2 Qb6 7. Ngf3 Nc6 8. d5 Nb4 9. Bb1 a5 10. O-O e6 11. a3 Na6 12. d6 e5 13. Nxe5 Bxd6 14. Ndc4 bxc4 15. Nxc4 Bxh2+ 16. Kxh2 Qc7+ 17. Nd6+ Kf8 18. e5 Ne8 19. Nxb7 Qxb7 20. Ba2 Rc8 21. b4 h5 22. Qb3 d6 23. e6 axb4 24. axb4 f6 25. Re1 Ke7 26. Qa4 Nb8 27. b5 h4 28. Rd1 Rh5 29. Bc4 h3 30. Qa7 hxg2+ 31. Kg3 Rc7 32. Qxb7 Rxb7 33. b6 Nc6 34. Be3 Ne5 35. Bd5 1-0

[Event "95th Caplin Hastings Congress"]
[Site "Hastings"]
[Date "2020.01.01"]
[Round "5.37"]
[White "Okhai, Shabir"]
[Black "Wilson, Matthew R"]
[Result "1-0"]
[ECO "C42"]
[WhiteElo "2103"]
[BlackElo "1837"]
[Annotator "RC"]
[PlyCount "81"]
[EventDate "2019.12.28"]
[EventType "swiss"]
[EventCountry "ENG"]
[SourceTitle "playchess.com"]
[Source "ChessBase"]
[SourceQuality "1"]
[TimeControl "40/6600+30:3000+30"]

1. e4 e5 2. Nf3 Nf6 3. Nxe5 d6 4. Nf3 Nxe4 5. Nc3 Nxc3 6. dxc3 Be7 7. Be3 Nc6 8. Qd2 Be6 9. Bd3 Qd7 10. h4 Bf6 11. Ng5 Ne5 12. Nxe6 Qxe6 13. Bb5+ c6 14. Be2 O-O 15. b3 Rfe8 16. O-O-O Ng4 17. Bxg4 Qxg4 18. Kb2 a5 19. f3 Qb4 20. Bg5 Bxg5 21. hxg5 Qb5 22. f4 d5 23. Qf2 d4 24. Rxd4 Re2 25. Qf3 Rae8 26. Qh3 h6 27. gxh6 g6 28. h7+ Kh8 29. Qh4 Qf5 30. Rc1 Rxg2 31. Rd8 Rge2 32. Rxe8+ Rxe8 33. Rd1 g5 34. fxg5 Qxh7 35. Qd4+ Qg7 36. Qd7 Qf8 37. Rh1+ Kg8 38. g6 Re7 39. Qh3 Qg7 40. Qc8+ Qf8 41. Rh8+ 1-0

[Event "95th Caplin Hastings Congress"]
[Site "Hastings"]
[Date "2020.01.01"]
[Round "5.38"]
[White "Rice, Chris B"]
[Black "Thatte, Nishchal"]
[Result "0-1"]
[ECO "A29"]
[WhiteElo "2027"]
[BlackElo "1723"]
[Annotator "NA RC"]
[PlyCount "74"]
[EventDate "2019.12.28"]
[EventType "swiss"]
[EventCountry "ENG"]
[SourceTitle "playchess.com"]
[Source "ChessBase"]
[SourceQuality "1"]
[TimeControl "40/6600+30:3000+30"]

1. c4 e5 2. g3 Nf6 3. Bg2 d5 4. cxd5 Nxd5 5. Nf3 Nc6 6. Nc3 Nb6 7. O-O Be7 8. d3 O-O 9. a3 a5 10. Be3 Be6 11. Rc1 a4 {[%emt 0:00:47] A29: English Opening: Four Knights Variation with 4 g3} 12. Nd2 f5 13. Bxb6 cxb6 14. Nxa4 Bg5 $1 15. Nc3 e4 16. f4 (16. Kh1 Qd7 17. Rb1 Rad8 18. Nc4 Qf7 19. b3 exd3 20. exd3 {0-1 (43) Giri,A (2777)-Carlsen,M (2843) Shamkir 2018}) 16... exf3 17. Bxf3 $146 ({Predecessor:} 17. Nxf3 Bxc1 18. Qxc1 h6 19. Qe3 {0-1 (45) Gheng,J (2233)-Sonis,F (2467) Karlsruhe 2019}) 17... Qd7 18. Rb1 Be3+ 19. Kh1 Ne5 (19... b5 $5) 20. Nc4 Bd4 21. Nxe5 Bxe5 22. Qd2 Rf6 23. e3 Rh6 24. Kg1 g5 25. d4 Bg7 26. Qg2 (26. d5 $16) 26... f4 27. Bxb7 Rd8 28. Bc6 Qe7 29. Qe4 Qf7 30. Rbd1 Qh5 31. Rf2 fxg3 $2 (31... Bb3 $17 {keeps the pressure on.} 32. Re1 Re6) 32. hxg3 Bf7 33. Bd5 Bxd5 34. Nxd5 Qxd1+ 35. Rf1 {[%emt 0:00:51] [#]} Qe2 $19 36. Ne7+ Kh8 37. Rf2 Qe1+ 0-1

[Event "95th Caplin Hastings Congress"]
[Site "Hastings"]
[Date "2020.01.01"]
[Round "5.39"]
[White "De Coverly, Roger D"]
[Black "Mineev, Sergey I."]
[Result "1-0"]
[ECO "E66"]
[WhiteElo "1986"]
[BlackElo "1588"]
[Annotator "NA RC"]
[PlyCount "94"]
[EventDate "2019.12.28"]
[EventType "swiss"]
[EventCountry "ENG"]
[SourceTitle "playchess.com"]
[Source "ChessBase"]
[SourceQuality "1"]
[TimeControl "40/6600+30:3000+30"]

1. Nf3 Nf6 2. g3 g6 3. Bg2 Bg7 4. O-O O-O 5. d4 d6 6. c4 Nc6 7. Nc3 a6 8. d5 Na5 9. Nd2 c5 10. Qc2 Rb8 11. b3 b5 12. Bb2 Qb6 {[%emt 0:07:27] E66: King's Indian: Fianchetto: 6...c5 7 0-0 Nc6 8 d5} (12... h5 13. Rae1 bxc4 14. bxc4 e5 15. Rb1 h4 16. Ba3 Rxb1 17. Rxb1 hxg3 18. hxg3 Ng4 19. Na4 f5 20. Nb6 e4 {½-½ (38) Ivanchuk,V (2755)-Nakamura,H (2775) Thessaloniki 2013}) 13. Rab1 Ng4 $146 ({Predecessor:} 13... e5 14. e4 Nd7 15. Bh3 Qd8 16. Nd1 Qg5 17. Ne3 Qh6 18. Kg2 Nb7 19. Qd3 Nd8 20. Bc1 {1-0 (45) Thynne,T (1927)-Jaufarally,N (1657) Llandudno 2017}) 14. h3 Ne5 15. f4 bxc4 16. Na4 Qa7 17. bxc4 Rxb2 18. Nxb2 Nd7 19. Kh2 Nf6 20. e4 Nb7 21. Nd3 Nd8 22. e5 Nd7 23. Rfe1 Qc7 24. Nf3 Kh8 25. Re2 Kg8 26. Rbe1 Qb8 (26... a5) 27. Ng5 f6 $2 28. exd6 exd6 29. Ne6 Nxe6 $18 30. dxe6 Nb6 31. e7 Re8 32. Bc6 Bd7 33. Bxd7 Nxd7 34. Qa4 Qc8 35. Re6 Kf7 36. Rxd6 Rxe7 37. Rxe7+ Kxe7 38. Qxa6 Qb8 39. Re6+ Kd8 40. Qc6 Qa7 41. a4 Qa5 42. Nf2 Bf8 43. Qa6 Qxa6 44. Rxa6 Kc7 45. a5 Be7 46. Re6 Bd6 47. Ne4 Bf8 1-0

[Event "95th Caplin Hastings Congress"]
[Site "Hastings"]
[Date "2020.01.01"]
[Round "5.40"]
[White "Burrows, Nick"]
[Black "Thatte, Nandinee"]
[Result "1-0"]
[ECO "E76"]
[WhiteElo "1952"]
[BlackElo "1270"]
[Annotator "NA RC"]
[PlyCount "105"]
[EventDate "2019.12.28"]
[EventType "swiss"]
[EventCountry "ENG"]
[SourceTitle "playchess.com"]
[Source "ChessBase"]
[SourceQuality "1"]
[TimeControl "40/6600+30:3000+30"]

1. d4 Nf6 2. c4 g6 3. Nc3 Bg7 4. e4 d6 5. f4 O-O 6. Nf3 Nfd7 7. Bd3 {[%emt 0:01:58] E76: King's Indian: Four Pawns Attack: Lines specific to 6 Nf3 move-order} c6 8. O-O e5 9. fxe5 dxe5 10. d5 Re8 $146 ({Predecessor:} 10... f5 11. b3 Nc5 12. Ba3 Nba6 13. Na4 fxe4 14. Nxc5 Qb6 15. Bxe4 Nxc5 16. Bxc5 Qxc5+ {1-0 (40) Poliakov,M (2400)-Bujakevich,A Minsk 1996}) 11. Be3 Nf6 12. Kh1 Nbd7 13. Qe1 Nh5 14. Qf2 Ndf6 15. Bxa7 Ng4 16. Qg1 Nf4 17. Bb6 Qe7 18. Bc5 Qd8 19. Bc2 Bd7 20. Rae1 Ra6 21. dxc6 Rxc6 22. Nd5 Ne6 23. Bb6 Qc8 24. b3 Nf8 25. Bb1 Nh6 26. Be3 Ng4 27. Bc1 Ra6 28. Bb2 b5 29. c5 Bc6 30. b4 Qb7 31. h3 Nh6 32. Nc3 Rd8 33. Qe3 Ne6 34. Ne2 Qc7 (34... f6 $16 {was called for.} 35. Rd1 Nf7) 35. Rd1 Raa8 36. a3 Kh8 37. Ng5 Nxg5 38. Qxg5 Ng8 39. Nc3 Qb7 $2 (39... h6 40. Qh4 Nf6) 40. Rxd8 f6 41. Qd2 Rxd8 42. Qxd8 f5 43. Nd5 Bxd5 44. Qxd5 Qe7 45. exf5 gxf5 46. Rxf5 Nh6 47. Qa8+ Bf8 48. Rxf8+ Kg7 49. Re8 Qh4 50. Bxe5+ Kf7 51. Rf8+ Ke6 52. Ba2+ Ke7 53. Qe8# 1-0

[Event "95th Caplin Hastings Congress"]
[Site "Hastings"]
[Date "2020.01.01"]
[Round "5.41"]
[White "Metcalfe, Charlie P"]
[Black "Thorpe, Thomas"]
[Result "0-1"]
[ECO "A40"]
[WhiteElo "1867"]
[BlackElo "1924"]
[Annotator "NA RC"]
[PlyCount "54"]
[EventDate "2019.12.28"]
[EventType "swiss"]
[EventCountry "ENG"]
[SourceTitle "playchess.com"]
[Source "ChessBase"]
[SourceQuality "1"]
[TimeControl "40/6600+30:3000+30"]

1. d4 g6 2. c4 Bg7 3. Nc3 c5 4. d5 Bxc3+ 5. bxc3 f5 6. Nf3 Qa5 7. Qc2 Nf6 8. e3 {[%emt 0:00:55] A40: Unusual replies to 1 d4} (8. Bf4 d6 9. Nd2 Nbd7 10. a4 Nb6 11. e3 Bd7 12. Bd3 Nxa4 13. O-O Qxc3 14. Rxa4 Qxc2 15. Bxc2 Bxa4 16. Bxa4+ {0-1 (29) Renman,N (2368)-Solodovnichenko,Y (2559) Sweden 2017}) 8... d6 9. Bd3 Nbd7 10. O-O Nb6 11. Re1 Bd7 (11... Qa4 $11) 12. e4 fxe4 13. Bxe4 Nxe4 14. Qxe4 O-O-O {[%emt 0:00:07] [#]} 15. Bf4 $146 ({But not} 15. Qxe7 $6 Rhe8 $14) ({Predecessor:} 15. Bg5 $1 $16 Rde8 16. Bxe7 Qxc3 17. Rac1 Qb4 18. Qh4 g5 19. Nxg5 Rhg8 20. Ne4 {1-0 (20) Wheeler,J (2235)-Saravanan,V (2385) Torquay 2002}) 15... Rde8 16. Bd2 (16. a4 $11) 16... Qa4 17. Qh4 Qxc4 18. Qxc4 Nxc4 19. Bg5 $17 e6 20. dxe6 Rxe6 21. Rxe6 Bxe6 22. Nd2 Kd7 23. Nxc4 Bxc4 24. Re1 Bxa2 25. Ra1 Bc4 26. Rxa7 Ba6 27. c4 Kc6 0-1

[Event "95th Caplin Hastings Congress"]
[Site "Hastings"]
[Date "2020.01.01"]
[Round "5.42"]
[White "Miller, George"]
[Black "Rayner, Francis"]
[Result "1-0"]
[ECO "C00"]
[WhiteElo "1845"]
[BlackElo "2019"]
[Annotator "NA RC"]
[PlyCount "86"]
[EventDate "2019.12.28"]
[EventType "swiss"]
[EventCountry "ENG"]
[SourceTitle "playchess.com"]
[Source "ChessBase"]
[SourceQuality "1"]
[TimeControl "40/6600+30:3000+30"]

1. e4 c5 2. Nf3 e6 3. d3 Nc6 4. g3 d5 5. Nbd2 Nf6 6. Bg2 Be7 7. O-O Qc7 8. Re1 b6 9. a3 {[%emt 0:08:24] C00: French: Unusual White 2nd moves} (9. Qe2 Bb7 10. c3 O-O 11. e5 Nd7 12. Nf1 a5 13. Bf4 a4 14. h4 d4 15. c4 b5 16. cxb5 Nb4 17. a3 Nd5 18. Bg5 Ra5 19. Rac1 Qd8 {½-½ (37) Bruzon Batista,L (2679)-Yilmaz,M (2594) Dubai 2016}) 9... Bb7 10. e5 Nd7 11. Qe2 g5 12. g4 ({White should play} 12. c4 $1 $15 d4 13. Ne4) 12... h5 13. h3 hxg4 14. hxg4 O-O-O 15. Nf1 Rdg8 16. Ng3 $146 {[%emt 0:00:27] [#]} ({Predecessor:} 16. c3 $17 Nf8 17. b4 Ng6 18. bxc5 bxc5 {0-1 (42) Eymann,H-Beckmann,K (2265) Bad Wiessee 1997}) 16... Nf8 ({Better is} 16... Rh4 $1 $19 17. Nxh4 gxh4) 17. b4 cxb4 18. axb4 Bxb4 19. Bd2 Bxd2 20. Qxd2 Ng6 21. d4 Nf4 22. Bf1 Kb8 23. Re3 Na5 24. Rxa5 bxa5 25. Rc3 Qe7 26. Rb3 Ka8 27. Qxa5 Nh3+ $2 ({Black should play} 27... Bc6 $19 28. Ne2 Rb8 29. Rxb8+ Rxb8 30. Nxf4 gxf4) 28. Kg2 Rc8 29. Ra3 Bc6 30. Nd2 (30. Nh5 $17 {might work better.} Nf4+ 31. Nxf4 gxf4 32. Bd3) 30... Nf4+ 31. Kg1 Qc7 $19 32. Nb3 Qxa5 33. Rxa5 Rb8 34. Ba6 Rb6 35. Nf1 Rhb8 36. Nfd2 Nh3+ 37. Kg2 Nf4+ 38. Kg1 Bb5 39. Bxb5 Rxb5 40. Rxb5 Rxb5 41. Nf3 a5 42. Nxg5 a4 43. Nxf7 Rxb3 1-0

[Event "95th Caplin Hastings Congress"]
[Site "Hastings"]
[Date "2020.01.01"]
[Round "5.46"]
[White "Sugden, John N"]
[Black "Brouwer, Willem"]
[Result "1-0"]
[ECO "C43"]
[WhiteElo "2065"]
[BlackElo "1662"]
[Annotator "NA RC"]
[PlyCount "71"]
[EventDate "2019.12.28"]
[EventType "swiss"]
[EventCountry "ENG"]
[SourceTitle "playchess.com"]
[Source "ChessBase"]
[SourceQuality "1"]
[TimeControl "40/6600+30:3000+30"]

1. e4 e5 2. Nf3 Nf6 3. d4 Nxe4 4. Bd3 d5 5. dxe5 Nc6 6. Nbd2 {[%emt 0:01:32] C43: Petroff Defence: 3 d4} Nc5 7. O-O $146 ({Predecessor:} 7. Bb5 Be7 8. O-O Bd7 9. Be2 O-O 10. Re1 Bf5 11. Nf1 f6 12. exf6 Bxf6 13. c3 {1-0 (46) Movsesian,S (2702)-Moskalenko,A (2451) Sochi 2012}) 7... Nxd3 8. cxd3 Be7 9. h3 O-O 10. d4 a5 11. Re1 Nb4 12. a3 Nd3 13. Re3 Nxc1 14. Rxc1 a4 15. Qc2 c6 16. Nf1 Bd7 17. Ng3 b6 18. Nf5 Ra5 19. Nxe7+ Qxe7 20. Qd2 Rc8 21. Rec3 c5 22. dxc5 Raxc5 23. Rxc5 Rxc5 24. Rxc5 Qxc5 25. Nd4 h6 26. g4 b5 27. Kg2 Qc7 28. f4 g6 29. Qc3 Qc4 30. Qxc4 bxc4 31. Kf3 Kf8 32. Ke3 Ke8 33. Ne2 Bc6 34. Kd4 Kd7 35. f5 g5 36. Nc3 $18 1-0

[Event "95th Caplin Hastings Congress"]
[Site "Hastings"]
[Date "2020.01.01"]
[Round "5.47"]
[White "Norinkeviciute, Rasa"]
[Black "Kearsley, Raymond J"]
[Result "1-0"]
[ECO "D01"]
[WhiteElo "2018"]
[BlackElo "1624"]
[Annotator "NA RC"]
[PlyCount "109"]
[EventDate "2019.12.28"]
[EventType "swiss"]
[EventCountry "ENG"]
[SourceTitle "playchess.com"]
[Source "ChessBase"]
[SourceQuality "1"]
[TimeControl "40/6600+30:3000+30"]

1. d4 d5 2. Nc3 Nf6 3. Bg5 Bf5 4. f3 c6 5. Qd2 Nbd7 6. Nh3 {[%emt 0:08:37] D01: Veresov Opening} (6. O-O-O h6 7. Bxf6 Nxf6 8. e4 dxe4 9. Qf4 e6 10. fxe4 Bh7 11. d5 exd5 12. exd5 Bd6 13. Qe3+ Qe7 14. Qxe7+ Kxe7 15. dxc6 bxc6 {0-1 (70) Ulybin,M (2520)-Shishkin,V (2507) Police 2015}) 6... h6 7. Bh4 (7. Bxf6 $11 {keeps the balance.} exf6 8. e4 Bxh3 9. gxh3) 7... Qa5 8. Nf2 e6 9. Nd3 $146 ({Predecessor:} 9. e4 Bh7 10. e5 Ng8 11. Bd3 Bxd3 12. Nxd3 Ne7 {0-1 (53) Mikhailovsky,V (2175)-Ageichenko,G (2264) Moscow 2017}) 9... Be7 (9... Bxd3 $5 10. cxd3 c5 $15) 10. e3 Bh7 11. Be2 Ne4 12. Nxe4 Qxd2+ 13. Nxd2 Bxh4+ 14. g3 Be7 15. c3 O-O 16. f4 Rac8 17. Kf2 c5 18. Rac1 c4 19. Ne5 Nxe5 20. dxe5 Rc6 21. b4 cxb3 22. axb3 Rfc8 23. c4 Bb4 24. Nf3 a6 25. Nd4 R6c7 26. Ra1 Bc3 27. Ra2 Bxd4 28. exd4 Be4 29. Rha1 dxc4 30. bxc4 Rd8 31. Ke3 Bc6 32. g4 Rcd7 33. Rd2 Rc7 34. Ra5 Kf8 35. f5 Bd7 36. Kf4 Bc8 37. Ra3 Ke7 38. h4 g6 39. f6+ Ke8 40. Rg3 Rcd7 41. Ke4 b6 42. Rb3 Rb7 43. Ke3 Rb8 (43... b5 $142 44. Rdb2 (44. cxb5 axb5 45. Rxb5 Ra7 $18) 44... Bd7) 44. Rdb2 a5 $2 (44... b5 {keeps fighting.} 45. cxb5 axb5 46. Bxb5+ (46. Rxb5 Rxb5 47. Bxb5+ Bd7 $18) 46... Kf8) 45. Rxb6 Rxb6 46. Rxb6 a4 47. Bd3 Rd7 48. Rb8 Rd8 49. Ra8 Bd7 50. Rxd8+ $2 (50. Ra7) 50... Kxd8 51. g5 hxg5 52. hxg5 Kc7 {[%emt 0:00:00] [#]} 53. Bxg6 $1 {[%emt 0:00:00] Promotion} a3 54. Bb1 Be8 55. Kd3 1-0

[Event "95th Caplin Hastings Congress"]
[Site "Hastings"]
[Date "2020.01.01"]
[Round "5.48"]
[White "Zheng, Jerry Z"]
[Black "Elwin, Adrian G"]
[Result "0-1"]
[ECO "B12"]
[WhiteElo "1565"]
[BlackElo "1986"]
[Annotator "NA RC"]
[PlyCount "112"]
[EventDate "2019.12.28"]
[EventType "swiss"]
[EventCountry "ENG"]
[SourceTitle "playchess.com"]
[Source "ChessBase"]
[SourceQuality "1"]
[TimeControl "40/6600+30:3000+30"]

1. e4 c6 2. d4 d5 3. e5 Bf5 4. h4 Qb6 5. g4 (5. a4 h6 6. a5 Qc7 7. g4 Bd7 8. b4 h5 9. gxh5 Bf5 10. Be3 e6 11. Nd2 Bxb4 12. a6 Nxa6 13. Bxa6 bxa6 {0-1 (63) Petrov,N (2593)-Mchedlishvili,M (2610) St Petersburg 2018}) 5... Bd7 6. c3 {[%emt 0:24:15] B12: Caro-Kann: Advance Variation} e6 7. f4 c5 8. Nf3 Nc6 9. Rh2 cxd4 $146 ({Predecessor:} 9... O-O-O 10. Be3 Nh6 11. Bh3 Kb8 12. Qb3 c4 13. Qc2 {0-1 (30) Naidenov,Z-Stankovic,B Yugoslavia 1974}) 10. cxd4 Rc8 11. Kf2 {[%emt 0:19:53] [#]} Nh6 ({Black should try} 11... h5 $1 $19 12. g5 {[#]} Nxd4 $1 13. Nxd4 Rxc1 14. Qxc1 Qxd4+ 15. Ke1 Bc5) 12. Kg3 Be7 13. Be3 {[%emt 0:09:01] [#]} f5 $1 14. g5 Ng4 15. Re2 Nxe3 16. Rxe3 Qxb2 17. Nbd2 Na5 18. Rb1 Qc2 19. Qxc2 Rxc2 20. Nb3 Nxb3 21. Rexb3 b6 22. R1b2 Rc7 23. Bb5 Bxb5 24. Rxb5 Rc4 25. Kf2 Kd7 26. R5b3 Rhc8 27. Ke3 Rc3+ 28. Kd2 Rxb3 29. axb3 (29. Rxb3 $142 Rc4 30. Kd3) 29... Bb4+ 30. Kd3 Rc3+ 31. Ke2 a5 32. h5 Bf8 33. g6 hxg6 34. hxg6 Ba3 35. Rb1 Rc1 36. Rxc1 Bxc1 37. Nd2 Kc6 38. Kd1 {[%emt 0:00:40] [#]} Bxd2 $1 39. Kxd2 Kb5 40. Kc3 a4 41. bxa4+ Kxa4 42. Kc2 Kb4 43. Kd3 Kb3 44. Ke3 Kc3 45. Kf3 b5 46. Ke3 b4 47. Kf3 b3 48. Ke3 b2 49. Kf3 Kd3 50. Kf2 b1=Q 51. Kf3 Qf1+ 52. Kg3 Ke3 53. Kh2 Qxf4+ 54. Kh3 Qg4+ 55. Kh2 Kf2 56. Kh1 Qh3# 0-1

[Event "95th Caplin Hastings Congress"]
[Site "Hastings"]
[Date "2020.01.01"]
[Round "5.49"]
[White "Ratnesan, Radha"]
[Black "Jennings, Richard"]
[Result "0-1"]
[ECO "A30"]
[WhiteElo "1477"]
[BlackElo "1903"]
[Annotator "NA RC"]
[PlyCount "140"]
[EventDate "2019.12.28"]
[EventType "swiss"]
[EventCountry "ENG"]
[SourceTitle "playchess.com"]
[Source "ChessBase"]
[SourceQuality "1"]
[TimeControl "40/6600+30:3000+30"]

1. Nf3 c5 2. g3 b6 3. Bg2 Bb7 4. O-O e6 5. b3 Nf6 6. Bb2 Be7 7. c4 O-O 8. e3 d6 9. d4 {[%emt 0:01:29] A30: Symmetrical English: Double Fianchetto and Hedgehog} (9. Nc3 Nbd7 10. d4 Ne4 11. Ne2 Rc8 12. Nf4 cxd4 13. Nxd4 e5 14. Nf5 exf4 15. Bxg7 Bf6 16. Bxf8 Qxf8 17. Rc1 Rd8 18. exf4 a5 {½-½ (56) Oleksienko,M (2595)-Gharamian,T (2602) Brest 2019}) 9... cxd4 10. exd4 Nbd7 11. Nbd2 d5 12. Ne5 Rc8 13. Rc1 Rc7 14. Ndf3 $146 ({Predecessor:} 14. Qe2 Qa8 15. f4 dxc4 16. bxc4 Bxg2 17. Qxg2 g6 18. a4 Bb4 {1-0 (44) Wolfram,B (2186)-Ponjican,E (2206) Austria 2010}) 14... Qa8 15. Qe2 dxc4 16. bxc4 Nxe5 17. dxe5 Nd7 18. Ne1 Rfc8 19. Qd3 (19. Nf3 $17 {was necessary.}) 19... Nc5 20. Qe2 Rd7 21. Ba3 Rcd8 22. Nf3 Rd3 23. Bxc5 bxc5 24. Ne1 Rd2 25. Qe3 Bxg2 26. Nxg2 R8d3 27. Qf4 g5 28. Qg4 Rd4 29. Qh5 Rxa2 30. Rfd1 Qe4 31. Re1 Qf5 32. Re2 Rdd2 33. Rce1 Rxe2 34. Rxe2 Ra1+ 35. Ne1 Bd8 36. Kg2 Rc1 37. g4 Qg6 38. Qxg6+ hxg6 39. Re4 Be7 40. Nd3 Rc3 41. Nb2 Rc2 42. Na4 Kf8 43. Kf1 Ke8 44. h3 (44. Ke1 $142) 44... Kd7 45. f4 Kc6 46. Kg1 a6 47. Kh1 Ra2 48. Nc3 Ra3 49. Re3 gxf4 50. Rf3 $1 $11 Bh4 (50... f6 51. Kg2) 51. Kg2 Be7 $2 (51... g5 $19 52. Ne4 Rxf3 53. Kxf3 a5) 52. Rd3 $2 g5 53. Kf3 Rb3 54. Ke2 Rb4 55. Na2 Rb2+ 56. Rd2 Rxd2+ 57. Kxd2 f6 58. Nc3 Bd8 59. Ke2 a5 60. Kf3 f5 61. Na4 Bc7 62. gxf5 exf5 63. e6 Bd6 64. Nc3 Be7 65. Nd5 Kd6 66. h4 gxh4 67. Nxf4 a4 68. Nd3 Kxe6 69. Nc1 Ke5 70. Ke3 Bg5+ {[%emt 0:00:00] Kd4+} 0-1

[Event "95th Caplin Hastings Congress"]
[Site "Hastings"]
[Date "2020.01.01"]
[Round "5.50"]
[White "Kumar, Sanjit S"]
[Black "Garnett, John S"]
[Result "0-1"]
[ECO "B01"]
[WhiteElo "1501"]
[BlackElo "1865"]
[Annotator "NA RC"]
[PlyCount "94"]
[EventDate "2019.12.28"]
[EventType "swiss"]
[EventCountry "ENG"]
[SourceTitle "playchess.com"]
[Source "ChessBase"]
[SourceQuality "1"]
[TimeControl "40/6600+30:3000+30"]

1. e4 d5 2. exd5 Nf6 3. d4 Bg4 4. Be2 Bxe2 5. Nxe2 Qxd5 6. O-O Nc6 7. Nbc3 Qh5 {[%emt 0:00:55] B01: Scandinavian Defence} 8. Bf4 (8. d5 O-O-O 9. Nf4 Qxd1 10. Rxd1 Nb4 11. a3 Nxc2 12. Ra2 e5 13. dxe6 Rxd1+ 14. Nxd1 Nd4 15. exf7 {½-½ (53) Azarov,S (2582)-Vypkhaniuk,I (2302) Lvov 2017}) 8... O-O-O 9. Be3 Ng4 $146 ({Predecessor:} 9... e5 10. d5 Ng4 11. h3 Nxe3 12. fxe3 Bc5 13. Ng3 Bxe3+ 14. Kh1 Qxd1 15. Raxd1 {½-½ (37) Leser,S (1857)-Oganessjan,A (2034) Willingen 2018}) 10. h3 Nxe3 11. fxe3 e5 12. Ng3 Qg6 (12... Qg5 $17 13. Nf5 exd4 14. exd4 (14. Ne4 Qg6 $17) 14... Nxd4 15. Nxd4 Rxd4) 13. Nf5 Ne7 14. Nxe7+ Bxe7 15. Qf3 exd4 16. exd4 Rxd4 17. Qxf7 Qxf7 18. Rxf7 {[%emt 0:00:14] [#]} Rd7 (18... Bf6 $1 $17) 19. Raf1 Bf6 20. Rxd7 Kxd7 21. Ne2 (21. Rd1+ $11 Kc6 22. Rd3) 21... Re8 22. Rd1+ {[%emt 0:07:26] [#]} Kc8 $1 23. Nd4 Rd8 24. c3 c5 25. Rc1 cxd4 26. cxd4+ Kb8 27. Kf1 Rxd4 28. Ke2 Ra4 29. b4 Rxb4 30. Kf1 a5 $19 31. Re1 a4 32. Re2 Rb1+ 33. Kf2 Rb2 34. Rxb2 Bxb2 35. Ke3 Kc7 36. Ke4 Kd6 37. g4 Kc5 38. Kf5 b5 39. Ke6 b4 40. Kf5 b3 41. axb3 a3 42. Ke4 a2 43. Kd3 a1=Q 44. Kc2 Kd4 45. b4 Bc3 46. Kb3 Qb2+ 47. Ka4 Qxb4# 0-1